 Dungeon Crawl Stone Soup version 0.27-a0-1532-gca18f49f40 (webtiles) character file.

Game seed: 6274375489636010279

22330 bigjeff5 the Blocker (level 12, -3/98 HPs)
             Began as a Palentonga Fighter on July 11, 2021.
             Was an Elder of Kikubaaqudgha.
             Slain by a blink frog (10 damage)
             ... on level 3 of the Lair of Beasts on July 13, 2021.
             The game lasted 05:46:14 (21092 turns).

bigjeff5 the Blocker (Palentonga Fighter)          Turns: 21092, Time: 05:46:15

Health: -3/98      AC: 29    Str: 19    XL:     12   Next: 62%
Magic:  21/21      EV:  7    Int: 14    God:    Kikubaaqudgha [****..]
Gold:   854        SH: 11    Dex: 12    Spells: 13/23 levels left

rFire    . . .     SeeInvis +   C - +3 spear of Uncomfortable Rashes {freeze, rElec Dex+2 Stlth-}
rCold    . . .     Faith    .   c - +0 kite shield
rNeg     + . .     Spirit   .   n - +6 scale mail {rN+}
rPois    .         Reflect  .   (no helmet)
rElec    +         Harm     .   R - +0 cloak
rCorr    .         Rampage  .   g - +2 pair of gloves
Will     +....                  (no barding)
Stlth    ..........             (no amulet)
HPRegen  0.26/turn              E - +4 ring of protection
MPRegen  0.17/turn              l - ring of willpower

@: curled up
A: large, rugged brown scales 3, see invisible, deformed body, roll 1, armoured
tail, reflexive curl
a: Rolling Charge, Renounce Religion, Receive Corpses


You were on level 3 of the Lair of Beasts.
You worshipped Kikubaaqudgha.
Kikubaaqudgha was greatly pleased with you.
You visited 3 branches of the dungeon, and saw 14 of its levels.

You collected 980 gold pieces.
You spent 126 gold pieces at shops.

Inventory:

Hand Weapons
 a - a +0 war axe
 j - a +0 war axe of freezing
 r - a +1 flail of draining
 C - the +3 spear of Uncomfortable Rashes (weapon) {freeze, rElec Dex+2 Stlth-}
   (You found it on level 5 of the Dungeon)

   It has been specially enchanted to freeze those struck by it, causing extra
   injury to most foes and up to half again as much damage against particularly
   susceptible opponents.
   It can also slow down cold-blooded creatures.
   Dex:       It affects your dexterity (+2).
   rElec:     It insulates you from electricity.
   Stlth:     It makes you less stealthy.
 I - a +0 vorpal war axe
 S - a +0 trident of venom
Missiles
 q - 61 bolts
 w - 24 poisoned darts
 H - 6 boomerangs (quivered)
 X - 7 atropa-tipped darts
Armour
 b - a +0 scale mail
 c - a +0 kite shield (worn)
 g - a +2 pair of gloves (worn)
 n - a +6 scale mail of positive energy (worn)
 R - a +0 cloak (worn)
Jewellery
 k - a ring of protection from cold
 l - a ring of willpower (right hand)
 m - an amulet of the acrobat
 u - a ring of flight
 y - an amulet of reflection
 D - a ring of protection from fire
 E - a +4 ring of protection (left hand)
 K - an amulet of regeneration
 N - a +6 ring of dexterity
 P - a +4 ring of evasion
 W - an amulet of guardian spirit
Wands
 i - a wand of paralysis (29)
 t - a wand of mindburst (21)
 F - a wand of polymorph (17)
 J - a wand of flame (25)
 V - a wand of charming (10)
Scrolls
 e - 4 scrolls of teleportation
 p - 5 scrolls of amnesia
 s - a scroll of immolation {unknown}
 v - 2 scrolls of magic mapping {unknown}
 x - 2 scrolls of torment {unknown}
 z - 2 scrolls of blinking {unknown}
 A - 3 scrolls of enchant armour
 B - a scroll of fear
 L - 3 scrolls of identify
 M - 2 scrolls of holy word {unknown}
 O - 2 scrolls of summoning {unknown}
 Q - 2 scrolls of acquirement {unknown}
 T - a scroll of brand weapon {unknown}
Potions
 d - 2 potions of might
 f - 6 potions of attraction
 h - 2 potions of curing
 o - a potion of mutation
 G - a potion of resistance
 U - a potion of flight {unknown}
 Y - a potion of berserk rage {unknown}


   Skills:
 + Level 8.1 Fighting
 - Level 4.2(7.1) Axes
 + Level 8.2(8.6) Polearms
 + Level 1.3 Throwing
 * Level 6.9 Armour
 - Level 9.0 Shields
 - Level 6.0 Spellcasting
 * Level 3.5 Hexes
 + Level 8.0 Necromancy
 + Level 0.2 Transmutations
 + Level 4.1 Evocations


You had 13 spell levels left.
You knew the following spells:

 Your Spells              Type           Power      Damage    Failure   Level
a - Animate Skeleton      Necr           52%        N/A       1%          1
b - Pain                  Necr           100%       1d9       1%          1
c - Vampiric Draining     Necr           13%        2d7       4%          3
d - Animate Dead          Necr           13%        N/A       16%         4
e - Beastly Appendage     Tmut           8%         N/A       36%         1

Your spell library contained the following spells:

 Spells                   Type           Power      Damage    Failure   Level
 Sublimation of Blood     Necr           13%        N/A       2%          2
 Corona                   Hex            15%        N/A       10%         1
 Dispel Undead            Necr           26%        3d13      16%         4
 Tukima's Dance           Hex            14%        N/A       28%         3
 Ensorcelled Hibernation  Hex/Ice        18%        N/A       30%         2
 Agony                    Necr           26%        N/A       41%         5
 Excruciating Wounds      Necr           13%        N/A       41%         5
 Passwall                 Tmut/Erth      3%         N/A       52%         2
 Wereblood                Tmut           4%         N/A       52%         2
 Spider Form              Tmut/Pois      2%         N/A       77%         3
 Swiftness                Air            4%         N/A       77%         3
 Borgnjor's Vile Clutch   Necr/Erth      7%         N/A       92%         5
 Olgreb's Toxic Radiance  Pois           4%         N/A       99%         4
 Invisibility             Hex            7%         N/A       100%        6
 Ozocubu's Refrigeration  Ice            2%         4d5       100%        7
 Ignition                 Fire           2%         3d3       100%        8


Dungeon Overview and Level Annotations

Branches:
Dungeon (10/15)            Temple (1/1) D:5            Lair (3/6) D:10
  Swamp (0/4) Lair:2          Orc (0/2) D:9
  Snake: Lair:2-4    Spider: Lair:2-4

Altars:
Ashenzari
Cheibriados
Dithmenos
Elyvilon
Fedhas
Gozag
Hepliaklqana
Kikubaaqudgha
Makhleb
Nemelex Xobeh
Okawaru
Qazlal
Ru
Sif Muna
Trog
Uskayaw
Vehumet
Wu Jian
Xom
Yredelemnul
Zin
The Shining One
Lugonu

Shops:
D:8 =   D:9 ?

Annotations:
D:7 2 transporters, 3 runed translucent doors, exclusions: 3 doors and 2 downstairs, Nausicaa's ghost, novice TrMo
D:9 exclusion: rakshasa


Innate Abilities, Weirdness & Mutations

You are completely covered in rugged brown scales. (AC +3, +7% HP)
You have supernaturally acute eyesight. (SInv)
Armour fits poorly on your strangely shaped body.
You can roll at nearby foes to attack.
You have a long armoured tail.
You curl defensively after being hit.


Message History

The blink frog is no longer moving slowly.
The blink frog blinks! x12
You feel very sick.
The blink frog blinks! x7
You feel very sick.
The blink frog blinks! x3
There is an open door here.
You feel very sick.
The blink frog hits you but does no damage.
The blink frog blinks!
You feel sick. You block the blink frog's attack.
You feel sick.
You feel sick.
The blink frog blinks!
You feel sick.
The blink frog blinks!
You feel sick.
You feel sick.
You feel sick.
The blink frog blinks!
There is an open door here.
You feel sick.
You are no longer poisoned.
The blink frog closely misses you.
You closely miss the blink frog.
The blink frog hits you but does no damage.
You block the blink frog's attack.
The blink frog blinks!
The blink frog blinks! x2
You closely miss the blink frog. The blink frog hits you!
* * * LOW HITPOINT WARNING * * *
You hit the blink frog. You freeze the blink frog.
Your tail-slap misses the blink frog.
The blink frog is moderately wounded.
The blink frog hits you!
* * * LOW HITPOINT WARNING * * *
The blink frog blinks!
The blink frog barely misses you. You block the blink frog's attack.
The blink frog blinks!
The blink frog hits you but does no damage.
The blink frog hits you!
You die...
Kikubaaqudgha rasps: "You have failed me!
Welcome... death!"

###.# #.........##
##.## #..........#
....# #..........#
...#######........##
#.................#
#...#.#P..........#
.#######........<.##
. #............# .
#.##.......@.## . ##
####.#.F.## .
####.## #.ยง.# #...#
#..## #..### #.#F#.#
###..#


You could see 2 blink frogs.

Vanquished Creatures
  4 hydras
  6 death yaks (Lair:2)
  A necromancer (Lair:2)
  2 black mambas
  The ghost of wesbby the Poker, a novice DrBe of Trog (D:4)
  6 cane toads
  2 komodo dragons
  A troll (D:9)
  A wolf spider simulacrum (D:9)
  A hornet (D:10)
  5 blink frogs (Lair:3)
  A shadow (D:10)
  2 humans (D:9)
  3 basilisks
  A wyvern (Lair:2)
  28 yaks
  2 wargs
  6 water moccasins
  An ice beast (D:6)
  A sky beast (D:5)
  4 necrophages
  5 orc warriors
  4 ogres
  A hornet zombie (D:7)
  4 wolves (Lair:1)
  4 centaurs
  A scorpion (D:4)
  Blork the orc (D:6)
  6 bullfrogs
  A water moccasin zombie (D:5)
  4 killer bees (D:10)
  2 electric eels (Lair:3)
  9 wights
  A jelly (D:6)
  4 howler monkeys
  5 centaur zombies
  3 quasits (D:4)
  3 hounds
  10 orc priests
  A centaur skeleton (D:7)
  2 bullfrog skeletons
  Terence (D:3)
  4 orc wizards
  2 polar bear simulacra (Lair:2)
  A yak simulacrum (Lair:2)
  3 killer bee zombies
  5 wolf simulacra (Lair:2)
  A howler monkey zombie (D:9)
  3 gnolls
  6 adders
  A white imp (D:7)
  An adder skeleton (D:4)
  5 worms
  51 orcs
  7 ball pythons
  9 endoplasms
  8 giant cockroaches
  4 goblins
  11 hobgoblins
  9 jackals
  3 quokkas
  3 bats
  3 frilled lizards
  9 kobolds
  3 rats
  3 river rat simulacra (Lair:2)
306 creatures vanquished.

Vanquished Creatures (collateral kills)
  An orc wizard (D:8)
  An orc (D:8)
2 creatures vanquished.

Vanquished Creatures (others)
  4 fungi
  16 plants
20 creatures vanquished.

Grand Total: 328 creatures vanquished

Notes
Turn   | Place    | Note
-------+----------+-------------------------------------------
     0 | D:1      | bigjeff5 the Palentonga Fighter began the quest for the
                  | Orb.
     0 | D:1      | Reached XP level 1. HP: 19/19 MP: 1/1
   282 | D:1      | Reached XP level 2. HP: 25/25 MP: 2/2
   929 | D:2      | Reached XP level 3. HP: 25/31 MP: 3/3
  1453 | D:2      | Reached XP level 4. HP: 27/39 MP: 4/4
  1602 | D:2      | Found a faded altar of an unknown god.
  2303 | D:3      | Noticed Terence
  2654 | D:3      | Killed Terence
  2670 | D:3      | Reached XP level 5. HP: 42/44 MP: 5/5
  2772 | D:3      | Found an ancient bone altar of Kikubaaqudgha.
  2772 | D:3      | Found a radiant altar of Vehumet.
  2775 | D:3      | Learned a level 1 spell: Animate Skeleton
  2778 | D:3      | Became a worshipper of Kikubaaqudgha
  3003 | D:3      | Found an ornate altar of the Wu Jian Council.
  3213 | D:4      | Found a transporter.
  3213 | D:4      | Noticed wesbby's ghost (novice DrBe)
  3374 | D:4      | Reached skill level 1 in Necromancy
  3423 | D:4      | Reached * piety under Kikubaaqudgha
  3423 | D:4      | Received a gift from Kikubaaqudgha
  3578 | D:4      | Found a white marble altar of Elyvilon.
  3579 | D:4      | Noticed a necrophage
  3601 | D:4      | Killed a necrophage
  3602 | D:4      | Reached XP level 6. HP: 50/51 MP: 6/6
  3933 | D:4      | Found a transporter.
  4377 | D:5      | Entered Level 5 of the Dungeon
  4735 | D:5      | Gained mutation: You curl defensively after being hit.
                  | [Palentonga growth]
  4735 | D:5      | Reached XP level 7. HP: 33/57 MP: 7/7
  4875 | D:5      | Reached skill level 5 in Armour
  4979 | D:5      | Found a staircase to the Ecumenical Temple.
  4994 | Temple   | Entered the Ecumenical Temple
  5299 | D:5      | Identified the +3 spear of Uncomfortable Rashes {freeze,
                  | rElec Dex+2 Stlth-}
  5356 | D:5      | Reached skill level 1 in Polearms
  5986 | D:6      | Reached skill level 3 in Shields
  5986 | D:6      | Reached XP level 8. HP: 25/65 MP: 8/8
  6272 | D:6      | Upgraded the game from 0.27-a0-1525-g1038ab4fd7 to
                  | 0.27-a0-1529-g1e82c303ef
  6364 | D:6      | Found a glowing golden altar of the Shining One.
  6378 | D:6      | Found a shadowy altar of Dithmenos.
  6498 | D:6      | Reached skill level 1 in Spellcasting
  7024 | D:6      | Reached skill level 5 in Necromancy
  7133 | D:6      | Noticed Blork the orc
  7154 | D:6      | Killed Blork the orc
  7713 | D:7      | Reached XP level 9. HP: 58/70 MP: 12/14
  8014 | D:7      | Reached ** piety under Kikubaaqudgha
  8249 | D:7      | Upgraded the game from 0.27-a0-1529-g1e82c303ef to
                  | 0.27-a0-1532-gca18f49f40
  8412 | D:7      | Noticed an ancient zyme
  8413 | D:7      | Found a transporter.
  8413 | D:7      | Noticed a purple ugly thing
  8414 | D:7      | Noticed a green ugly thing
  8415 | D:7      | Noticed a wind drake
  8417 | D:7      | Found a corrupted altar of Lugonu.
  8420 | D:7      | Noticed a red ugly thing
  8439 | D:7      | Found a runed translucent gate.
  8439 | D:7      | Found a runed translucent gate.
  8439 | D:7      | Found a runed translucent gate.
  8439 | D:7      | Noticed Nausicaa's ghost (novice TrMo)
  8441 | D:7      | Found a basalt altar of Yredelemnul.
  8480 | D:7      | Reached skill level 5 in Spellcasting
  8755 | D:7      | Found a transporter.
  8756 | D:7      | Noticed a quicksilver ooze
  9256 | D:7      | Reached skill level 5 in Fighting
  9256 | D:7      | Reached skill level 5 in Polearms
  9368 | D:8      | Found a broken altar of Ashenzari.
  9413 | D:8      | Reached skill level 4 in Shields
  9542 | D:8      | Reached XP level 10. HP: 75/79 MP: 18/18
  9544 | D:8      | Learned a level 1 spell: Pain
  9589 | D:8      | Found Coef's Jewellery Shoppe.
 10286 | D:9      | Found Reps's Magic Scroll Shoppe.
 10286 | D:9      | Found a staircase to the Orcish Mines.
 10289 | D:9      | Bought a scroll of noise for 14 gold pieces
 10289 | D:9      | Bought a scroll of identify for 28 gold pieces
 10289 | D:9      | Bought a scroll of identify for 28 gold pieces
 10289 | D:9      | Bought a scroll of identify for 28 gold pieces
 10289 | D:9      | Bought a scroll of identify for 28 gold pieces
 10775 | D:9      | Reached *** piety under Kikubaaqudgha
 10775 | D:9      | Received a gift from Kikubaaqudgha
 10788 | D:9      | Reached skill level 5 in Shields
 10953 | D:9      | Learned a level 3 spell: Vampiric Draining
 11008 | D:9      | Noticed a rakshasa
 11493 | D:9      | Found a sparkling altar of Nemelex Xobeh.
 11543 | D:9      | Found an iron altar of Okawaru.
 11672 | D:9      | Reached skill level 1 in Evocations
 12251 | D:4      | Killed wesbby's ghost
 12450 | D:7      | Noticed an acid blob
 12533 | D:10     | Entered Level 10 of the Dungeon
 12856 | D:10     | Found a staircase to the Lair.
 13288 | D:10     | Reached XP level 11. HP: 82/88 MP: 19/19
 13463 | D:10     | Reached skill level 6 in Shields
 14899 | Lair:1   | Entered Level 1 of the Lair of Beasts
 14942 | Lair:1   | Reached **** piety under Kikubaaqudgha
 15339 | Lair:1   | Noticed an eight-headed hydra
 15356 | Lair:1   | Killed an eight-headed hydra
 15357 | Lair:1   | Reached skill level 7 in Shields
 15586 | Lair:1   | Noticed a seven-headed hydra
 15606 | Lair:1   | Killed a seven-headed hydra
 16099 | Lair:1   | Reached skill level 8 in Shields
 17094 | Lair:2   | Learned a level 4 spell: Animate Dead
 17120 | Lair:2   | Noticed a six-headed hydra
 17147 | Lair:2   | Killed a six-headed hydra
 17243 | Lair:2   | Found a staircase to the Swamp.
 17471 | Lair:2   | Noticed a necromancer
 17495 | Lair:2   | Killed a necromancer
 17496 | Lair:2   | Reached skill level 9 in Shields
 17509 | Lair:2   | Reached XP level 12. HP: 71/97 MP: 4/21
 17515 | Lair:2   | Reached skill level 1 in Hexes
 17772 | Lair:2   | Reached skill level 1 in Throwing
 17907 | Lair:2   | Learned a level 1 spell: Beastly Appendage
 18707 | Lair:3   | Noticed a six-headed hydra
 18724 | Lair:3   | Killed a six-headed hydra
 19355 | Lair:3   | Noticed a death yak
 19355 | Lair:3   | Noticed a death yak
 19374 | Lair:3   | Noticed a death yak
 19400 | Lair:2   | Killed a death yak
 19400 | Lair:2   | Reached ***** piety under Kikubaaqudgha
 19453 | Lair:3   | Noticed a death yak
 19456 | Lair:3   | Noticed a death yak
 19458 | Lair:3   | Noticed a death yak
 19544 | Lair:2   | Killed a death yak
 19846 | Lair:2   | Killed a death yak
 20085 | Lair:2   | Killed a death yak
 20209 | Lair:2   | Killed a death yak
 20805 | Lair:2   | Killed a death yak
 21092 | Lair:3   | Slain by a blink frog

Illustrated notes

Levels and vault maps discovered:
D:1:      lightli_arrival_flooded_house, layout_rooms, minmay_worlds_worst_comb
D:2:      layout_basic, shapermc_ecumenical_altar_ellora,
          kennysheep_generic_room_15
D:3:      layout_loops_ring, pdpol_wu_jian_five_deadly_venoms,
          chequers_temple_overflow_statue_of_worship, st_stairs_3, uniq_terence
D:4:      layout_loops_ring, nicolae_elyvilon_peaceful_grove,
          gammafunk_ghost_stat_death, minmay_bent
D:5:      layout_basic, minmay_temple_entry_tees, roderic_roman_lattice
D:6:      layout_basic, mainiacjoe_overflow_big_doors, uniq_blork_the_orc
D:7:      gammafunk_corrupted_shrine, layout_basic,
          nicolae_yredelemnul_ghost_church
D:8:      layout_rooms, ashenzari_conservatory_becter, serial_shops,
          nicolae_shop_statue_plus, minivault_1
D:9:      layout_roguey, nemelex_spade_bored_becter, okawaru_humans,
          orc_0_dummy, serial_shops, nicolae_stop_n_shop_2, chequers_mini_garden
D:10:     layout_gridville, erik_lair_orcish_takeover, special_room
          [special_room_orc], lemuel_old_faithful
Temple:   nicolae_temple_hex_pool
Lair:1:   layout_roguey, gauntlet_entry_generic, serial_bayou_crossing
Lair:2:   layout_loops_ring, swamp_mist, eino_house_with_fridge,
          grunt_megastairs_3
Lair:3:   layout_roguey, spider_nest_entry_funnel_web, lemuel_fruit_tree,
          infiniplex_staircase_pool, serial_bayou_shore_a, grunt_megastairs_4

Skill      XL: |  1  2  3  4  5  6  7  8  9 10 11 12 |
---------------+-------------------------------------+-----
Axes           | 3 4 |  4.2
Fighting       | 4 5 6 7 8 |  8.1
Armour         | 3 4 5 6 |  6.9
Necromancy     | 1 2 3 6 7 8 |  8.0
Polearms       | 3 5 7 8 |  8.2
Shields        | 3 4 5 9 |  9.0
Spellcasting   | 3 5 6 |  6.0
Evocations     | 2 4 |  4.1
Hexes          | 3 |  3.5
Throwing       | 1 |  1.3
Transmutations | |  0.2

Action                   |  1- 3 |  4- 6 |  7- 9 | 10-12 || total
-------------------------+-------+-------+-------+-------++-------
Melee: War axe           |   113 |   199 |    19 |       ||   331
       Tailslap          |     8 |    23 |    46 |   141 ||   218
       Spear             |       |       |   360 |   959 ||  1319
       Kick              |       |       |       |     7 ||     7
       Headbutt          |       |       |       |     5 ||     5
Throw: Dart              |       |     5 |       |       ||     5
       Boomerang         |       |       |    55 |    57 ||   112
 Cast: Animate Skeleton  |       |       |     6 |     6 ||    12
       Pain              |       |       |       |     5 ||     5
       Vampiric Draining |       |       |       |    42 ||    42
       Animate Dead      |       |       |       |     3 ||     3
       Beastly Appendage |       |       |       |     3 ||     3
Invok: Receive Corpses   |       |       |       |     1 ||     1
 Abil: Rolling Charge    |     7 |     6 |     8 |    13 ||    34
Evoke: Wand              |       |       |       |     4 ||     4
  Use: Scroll            |       |     1 |     5 |    10 ||    16
       Potion            |       |       |     5 |     6 ||    11
 Stab: Distracted        |     1 |       |       |       ||     1
Armor: Scale mail        |    52 |   110 |   137 |   367 ||   666
       Skin              |       |     2 |       |    18 ||    20
Dodge: Dodged            |    26 |    40 |    49 |   158 ||   273
Block: Kite shield       |    57 |   100 |   225 |   590 ||   972
       Reflection        |       |       |     5 |    12 ||    17

Table legend: (Time is in decaauts)
 A = Elapsed time spent in this place.
 B = Non-inter-level travel time spent in this place.
 C = Inter-level travel time spent in this place.
 D = Time resting spent in this place.
 E = Time spent auto-exploring this place.
 F = Levels seen in this place.
 G = Mean time per level.
                   A        B        C        D        E       F      G
               +--------+--------+--------+--------+--------+-----+--------+
         Total |  21167 |  20417 |    750 |   7649 |   4042 |  14 | 1511.9 |
       Dungeon |  15034 |  14318 |    716 |   4413 |   3281 |  10 | 1503.4 |
        Temple |     91 |     91 |      0 |      0 |     71 |   1 |   91.0 |
          Lair |   6040 |   6006 |     34 |   3236 |    690 |   3 | 2013.3 |
               +--------+--------+--------+--------+--------+-----+--------+

Top non-repeatable levels by time:
  Lair:2: 2981 daAuts
    D:10: 2215 daAuts
  Lair:1: 2003 daAuts
     D:9: 1810 daAuts
     D:4: 1736 daAuts
     D:6: 1724 daAuts
     D:7: 1630 daAuts
     D:2: 1408 daAuts
     D:8: 1361 daAuts
     D:5: 1300 daAuts
  Lair:3: 1055 daAuts
     D:3: 1054 daAuts
     D:1: 792 daAuts
  Temple: 91 daAuts
